Map: 2000 Atmospheres LE

Players

uwuThermal (uThermal) - Winner!

  • Race: Terran Terran
  • League: Master

goblin

  • Race: Protoss Protoss
  • League: Master

Event: DreamHack SC2 Masters 2021 Summer

VOD

Have the link to the VOD?

Description

Time

  • Played on: May 23, 2021, 10:56 a.m.
  • Length: 7:38

All games in this series

Show
View Real Time Build Order
Export as new Build Order

uwuThermal Terran - Winner!

Build Orders:  

Get SALT Encoding   

  12  0:00  SCV  
  13  0:12  SCV  
  14  0:17  Supply Depot  
  14  0:24  SCV  
  15  0:38  SCV, Barracks  
  15  0:42  Refinery  
  16  0:50  SCV  
  17  1:02  SCV  
  18  1:14  SCV  
  19  1:26  Barracks Reactor, Orbital Command  
  19  1:44  Command Center  
  19  1:52  SCV, Supply Depot  
  20  2:02  Marine x2  
  20  2:04  SCV  
  23  2:11  Factory  
  23  2:16  SCV  
  23  2:20  Marine x2  
  26  2:29  SCV  
  27  2:30  Refinery  
  27  2:37  Marine x2  
  27  2:41  SCV  
  30  2:53  SCV  
  30  2:56  Orbital Command  
  31  3:02  Starport  
  31  3:03  Hellion  
  31  3:04  Hellion  
  35  3:09  Barracks Tech Lab  
  35  3:12  SCV  
  36  3:22  SCV  
  36  3:25  Hellion  
  36  3:26  Hellion  
  41  3:32  Supply Depot  
  41  3:33  SCV  
  42  3:40  SCV  
  38  3:50  SCV  
  38  3:53  SCV  
  41  3:59  Factory Tech Lab  
  41  4:01  Marine x2  
  41  4:03  SCV  
  41  4:05  SCV  
  41  4:07  Viking  
  38  4:14  Bunker  
  38  4:15  SCV  
  38  4:16  Barracks  
  39  4:18  SCV  
  39  4:19  Marine x2  
  39  4:21  Cyclone  
  45  4:27  SCV  
  45  4:30  SCV  
  45  4:31  Barracks  
  47  4:37  Marine x2  
  49  4:39  SCV  
  49  4:42  SCV  
  50  4:51  SCV  
  51  4:54  SCV  
  51  4:55  Marine  
  51  4:59  Cyclone  
  52  5:01  Engineering Bay  
  52  5:02  Supply Depot  
  52  5:03  Refinery, SCV  
  52  5:06  SCV  
  54  5:11  Stimpack  
  54  5:12  Starport Reactor  
  54  5:16  Supply Depot  
  54  5:23  SCV x2, Marine x4  
  54  5:24  Supply Depot  
  54  5:27  Terran Infantry Weapons Level 1  
  60  5:35  SCV x2  
  60  5:36  Supply Depot  
  60  5:41  Marauder, Marine x2  
  66  5:42  Factory Tech Lab  
  66  5:47  Marine  
  66  5:48  SCV x2, Combat Shield  
  69  5:51  Medivac x2  
  69  5:55  Supply Depot  
  73  5:58  Refinery  
  73  5:59  Marine x2  
  73  6:00  SCV x2  
  73  6:03  Marine  
  78  6:05  Marine  
  78  6:06  Siege Tank  
  80  6:13  Supply Depot  
  80  6:14  Missile Turret  
  80  6:18  Marine x2  
  81  6:21  Marauder  
  81  6:23  Missile Turret  
  81  6:24  Marauder  
  86  6:29  Supply Depot  
  86  6:33  Viking x2  
  86  6:37  Marine x2  
  92  6:41  Supply Depot  
  92  6:42  Marine  
  92  6:44  Marine  
  94  6:47  Supply Depot  
  94  6:50  Siege Tank  
  94  6:52  Supply Depot  
  97  6:55  Marine  
  97  6:56  Marine  
  99  7:03  Medivac x2  
  103  7:08  Supply Depot  
  103  7:11  Supply Depot  
  103  7:12  Marine x2  
  105  7:16  SCV  
Show
View Real Time Build Order
Export as new Build Order

goblin Protoss 

Build Orders: 1 Gate Expand, Oracle Opening, Phoenix Opening 

Get SALT Encoding   

  12  0:00  Probe  
  13  0:12  Probe  
  14  0:18  Pylon  
  14  0:24  Probe (Chrono Boost)  
  15  0:36  Probe (Chrono Boost)  
  15  0:37  Gateway  
  16  0:45  Probe (Chrono Boost), Assimilator  
  17  0:50  Probe  
  18  1:03  Probe  
  19  1:15  Probe  
  20  1:24  Cybernetics Core  
  20  1:32  Nexus  
  20  1:40  Pylon  
  20  1:42  Probe  
  21  1:48  Assimilator  
  21  1:54  Probe (Chrono Boost)  
  22  2:02  Adept (Chrono Boost)  
  22  2:06  Probe (Chrono Boost)  
  25  2:13  Probe (Chrono Boost)  
  26  2:20  Probe, Stargate  
  27  2:23  Adept  
  28  2:32  Probe, Warp Gate  
  29  2:45  Probe (Chrono Boost)  
  29  2:50  Probe (Chrono Boost)  
  31  2:54  Probe (Chrono Boost)  
  31  2:56  Stalker  
  31  2:58  Probe (Chrono Boost)  
  35  2:59  Probe (Chrono Boost)  
  35  3:04  Phoenix  
  38  3:09  Probe  
  38  3:11  Probe  
  40  3:13  Pylon  
  40  3:18  Shield Battery  
  40  3:21  Probe  
  40  3:26  Shield Battery  
  40  3:27  Oracle (Chrono Boost)  
  44  3:35  Pylon  
  44  3:54  Phoenix (Chrono Boost)  
  42  4:00  Probe  
  40  4:04  Probe (Chrono Boost)  
  41  4:12  Phoenix  
  41  4:16  Probe (Chrono Boost)  
  41  4:17  Probe (Chrono Boost), Assimilator  
  45  4:18  Assimilator  
  45  4:20  Stalker  
  48  4:24  Probe (Chrono Boost)  
  48  4:27  Probe (Chrono Boost)  
  49  4:32  Nexus  
  49  4:34  Probe  
  49  4:36  Probe  
  48  4:46  Probe (Chrono Boost)  
  48  4:47  Phoenix  
  48  4:48  Probe (Chrono Boost)  
  48  4:52  Pylon  
  43  5:00  Probe (Chrono Boost)  
  43  5:04  Probe (Chrono Boost)  
  43  5:07  Twilight Council  
  43  5:09  Probe (Chrono Boost)  
  43  5:11  Probe (Chrono Boost)  
  45  5:19  Probe (Chrono Boost)  
  48  5:28  Probe (Chrono Boost)  
  48  5:30  Probe (Chrono Boost)  
  48  5:31  Phoenix  
  48  5:34  Probe (Chrono Boost)  
  48  5:35  Probe (Chrono Boost)  
  52  5:44  Charge (Chrono Boost)  
  52  5:47  Gateway x2  
  52  5:49  Probe (Chrono Boost)  
  54  5:52  Probe (Chrono Boost)  
  54  5:54  Probe (Chrono Boost)  
  55  6:01  Probe (Chrono Boost), Phoenix  
  55  6:03  Probe (Chrono Boost)  
  60  6:05  Probe (Chrono Boost)  
  60  6:11  Probe (Chrono Boost)  
  60  6:12  Probe (Chrono Boost)  
  60  6:13  Probe (Chrono Boost)  
  60  6:17  Gateway  
  60  6:18  Probe (Chrono Boost)  
  62  6:21  Probe (Chrono Boost)  
  64  6:26  Phoenix (Chrono Boost)  
  64  6:27  Probe (Chrono Boost)  
  64  6:30  Probe (Chrono Boost)  
  67  6:36  Probe x2 (Chrono Boost), Gateway  
  67  6:37  Probe (Chrono Boost)  
  70  6:43  Zealot, Sentry  
  70  6:44  Zealot  
  76  6:47  Probe  
  76  6:49  Phoenix (Chrono Boost)  
  76  6:50  Probe x2  
  81  6:58  Shield Battery  
  81  7:01  Pylon  
  81  7:10  Zealot x2  
Tags
 
Add a new tag
Caveats
  • Supply blocks, unpowered buildings, or Contaminate may cause inaccurate times.
  • Supply counts are checked every 10 seconds.